 Dungeon Crawl Stone Soup version 0.30-a0-629-gd54f4be4f7 (webtiles) character file.

Game seed: 16492129006131142121

7175 omnomnOMINOUS the Jinx (level 11, -5/65 HPs)
             Began as an Octopode Wanderer on Jan 10, 2023.
             Was a Follower of Hepliaklqana.
             Splashed by a jelly's acid (10 damage)
             ... on level 7 of the Dungeon on Jan 13, 2023.
             The game lasted 00:21:05 (4817 turns).

omnomnOMINOUS the Jinx (Octopode Wanderer)          Turns: 4817, Time: 00:21:05

Health: -5/65      AC:  1    Str: 12    XL:     11   Next: 11%
Magic:  16/18      EV: 15    Int: 15    God:    Hepliaklqana [*.....]
Gold:   276        SH:  5    Dex: 15    Spells: 10/20 levels left

rFire   . . .      SeeInvis +    b - +2 dagger (venom)
rCold   . . .      Faith    .    F - orb {guile}
rNeg    + . .      Spirit   .    o - +0 hat
rPois   .          Reflect  +    i - amulet of reflection
rElec   .          Harm     .    h - ring of positive energy
rCorr   .          Rampage  .    r - ring of see invisible
Will    .....                    (no ring)
Stlth   ++++++                   (no ring)
HPRegen 0.30/turn                (no ring)
MPRegen 0.16/turn                (no ring)
                                 (no ring)
                                 (no ring)

@: no status effects
A: reduced essence, almost no armour, amphibious, 8 rings, camouflage 1,
gelatinous body 1, (nimble swimmer 1), tentacles
a: Renounce Religion, Recall Ancestor, Ancestor Identity


You were on level 7 of the Dungeon.
You worshipped Hepliaklqana.
Hepliaklqana was aware of your devotion.
You visited 2 branches of the dungeon, and saw 8 of its levels.
You also visited: Sewer.

You collected 458 gold pieces.
You spent 182 gold pieces at shops.

Inventory:

Hand Weapons
 a - the +4 whip of the Hawk {freeze, rCorr}
   (You found it on level 2 of the Dungeon)

   rCorr:     It protects you from acid and corrosion.
 b - a +2 dagger of venom (weapon)
 c - a +1 falchion of electrocution
 d - the +10 war axe of Generosity {drain, *Slow Str+4 Dex+5}
   (You found it on level 2 of the Dungeon)

   Str:       It affects your strength (+4).
   Dex:       It affects your dexterity (+5).
   *Slow:     It may slow you when you take damage.
 w - a +3 hand axe of freezing
Missiles
 q - 14 poisoned darts (quivered)
Armour
 o - a +0 hat (worn)
 F - an orb of guile (worn)
Magical Staves
 v - a staff of poison
Jewellery
 h - a ring of positive energy (left tentacle)
 i - an amulet of reflection (around mantle)
 n - an amulet of faith
 r - a ring of see invisible (right tentacle)
 s - a ring of fire
Wands
 u - a wand of digging (13)
 E - a wand of charming (5)
 H - a wand of flame (11)
Scrolls
 e - 2 scrolls of amnesia {unknown}
 f - 3 scrolls of teleportation {unknown}
 g - 2 scrolls of enchant weapon {unknown}
 j - a scroll of vulnerability {unknown}
 k - 2 scrolls of fog {unknown}
 l - 2 scrolls of immolation {unknown}
 m - a scroll of butterflies {unknown}
 x - 4 scrolls of identify {unknown}
 y - a scroll of magic mapping {unknown}
 z - a scroll of fear {unknown}
 C - a scroll of blinking {unknown}
Potions
 p - 3 potions of curing
 t - a potion of magic {unknown}
 A - 2 potions of attraction {unknown}
 B - a potion of heal wounds {unknown}
 D - 2 potions of cancellation {unknown}
 G - a potion of flight {unknown}


   Skills:
 + Level 6.3 Fighting
 + Level 9.8 Short Blades
 - Level 2.0 Axes
 + Level 5.3 Dodging
 + Level 12.1 Stealth
 - Level 5.0 Spellcasting
 + Level 1.0 Conjurations
 - Level 12.5 Hexes
 - Level 1.0 Invocations


You had 10 spell levels left.
You knew the following spells:

 Your Spells              Type           Power      Damage    Failure   Level
a - Confusing Touch       Hex            41%        N/A       1%          3
b - Orb of Destruction    Conj           3%         9d5       100%        7

Your spell library contained the following spells:

 Spells                   Type           Power      Damage    Failure   Level
 Slow                     Hex            100%       N/A       1%          1
 Dazzling Flash           Conj/Hex       48%        N/A       3%          3
 Summon Guardian Golem    Hex/Summ       22%        N/A       3%          3
 Silence                  Hex/Air        11%        N/A       34%         5
 Frozen Ramparts          Ice            6%         1d1       43%         3
 Vampiric Draining        Necr           3%         2d6       43%         3
 Ice Form                 Ice/Tmut       3%         N/A       85%         4
 Summon Ice Beast         Ice/Summ       3%         N/A       85%         4
 Agony                    Necr           3%         N/A       99%         5
 Spellforged Servitor     Conj/Summ      2%         N/A       100%        7


Dungeon Overview and Level Annotations

Branches:
Dungeon (7/15)             Temple (1/1) D:5           Sewer (visited)

Altars:
Ashenzari
Dithmenos
Fedhas
Gozag
Hepliaklqana
Kikubaaqudgha
Makhleb
Nemelex Xobeh
Okawaru
Qazlal
Ru
Sif Muna
Trog
Uskayaw
Xom
Yredelemnul
Zin
The Shining One

Shops:
D:3 (   D:5 [

Annotations:
D:6 2 transporters


Innate Abilities, Weirdness & Mutations

Your life essence is reduced to manifest your ancestor. (-10% HP)
You cannot wear most types of armour.
You are amphibious.
You can wear up to eight rings at the same time.
Your skin changes colour to match your surroundings (Stealth+).
Your rubbery body absorbs attacks. (AC +1, EV +1)
((You are camouflaged when in or above water. (Stealth+)))
You have tentacles for arms and can constrict up to eight enemies at once.


Message History

g - Guard the area. f - Follow me.
Anything else - Cancel.
Retreat in which direction?
Press: ? - help, Dir - move target, p - electric eel Fall back!
Unknown command.
The dart slug launches a dart at you.
The slug dart reflects off an invisible shield around you!
The slug dart hits the dart slug.
You see here 22 gold pieces.
You now have 276 gold pieces (gained 22).
The dart slug launches a dart at you. The slug dart misses you.
There is a stone staircase leading up, spattered with blood here.
What are your orders? t - Shout!
Orders for allies: a - Attack new target. r - Retreat! s - Stop attacking. g - Guard the area. f - Follow me.
Anything else - Cancel.
Gang up on whom?
Press: ? - help, Dir - move target, f - dart slug
Aim: a dart slug (moderately wounded) Attack!
Things that are here:
a +0 halberd; a gnoll corpse
A - 2 metallic white potions (gained 1)
The jelly is no longer charmed.
There are no items here.
Found 14 gold pieces.
The jelly hits you.
* * * LOW HITPOINT WARNING * * *
You are splashed with acid!
* * * LOW HITPOINT WARNING * * *
You see here a wand of flame (11).
H - a wand of flame (11)
You block the jelly's attack. The jelly attacks as you move away!
The jelly hits you.
* * * LOW HITPOINT WARNING * * *
You are splashed with acid!
You die...

.##~~. ~##.
####.#.≈#≈≈≈~~.## ##
#....~≈~≈≈~≈~~≈~##..#
.!.~†≈≈≈≈~~~≈≈≈≈#.. #
#.~≈≈≈~~~#≈~≈≈~.#
#.#≈≈≈≈≈≈~†≈≈~≈≈~≈#
#.~≈≈≈≈#≈~~~~≈.~≈≈#.#
$.~≈~.$.~.8.#~~.~~~..
.~#..@.8<.....≈~...
..~~~~.RJ)).~~.$#≈~.$
#.~≈≈≈~~≈S))≈≈~~~~~.#
#.#≈#≈≈≈~≈≈†≈≈≈~≈≈..#
# #.≈≈≈≈≈≈≈~≈≈##≈w..#
.#~≈≈≈≈≈~~~#≈#~#..# .
##~†#≈~~≈≈#≈# ...#
##.~~~≈~≈~.# .###
[##~~!~~##


You could see the friendly om the ancestor, a jelly and a friendly electric eel
(charmed).

Vanquished Creatures
  Grinder (Sewer)
  Sigmund (D:6)
  A steam dragon (D:5)
  3 ogres
  A phantom (Sewer)
  A kobold brigand (Sewer)
  4 scorpions
  A wight (Sewer)
  3 hounds
  3 iguanas
  Ijyb (D:5)
  4 orc wizards
  Terence (D:2)
  7 gnolls
  5 adders
  3 shadow imps
  6 ufetubi (Sewer)
  An adder zombie (Sewer)
  6 dart slugs
  14 orcs
  4 endoplasms
  A giant cockroach (D:4)
  2 hobgoblins
  2 jackals (D:4)
  4 quokkas
  7 ball pythons
  8 bats
  2 frilled lizards
  5 goblins
  19 kobolds
  2 kobold zombies (Sewer)
  2 rats (D:2)
125 creatures vanquished.

Vanquished Creatures (collateral kills)
  An ice beast (D:7)
  A gnoll sergeant (D:7)
  An electric eel (D:7)
  A gnoll (D:7)
  4 dart slugs (D:7)
8 creatures vanquished.

Vanquished Creatures (others)
  5 toadstools (D:1)
5 creatures vanquished.

Grand Total: 138 creatures vanquished

Notes
Turn   | Place    | Note
-------+----------+-------------------------------------------
     0 | D:1      | omnomnOMINOUS the Octopode Wanderer began the quest for the
                  | Orb.
     0 | D:1      | omnomnOMINOUS set off with the following items: a +2 short
                  | sword, a +0 hand axe, a +0 hat, a potion of curing.
     0 | D:1      | Reached XP level 1. HP: 16/16 MP: 1/1
     7 | D:1      | Upgraded the game from 0.30-a0-622-gddc90eaa04 to
                  | 0.30-a0-629-gd54f4be4f7
   447 | D:1      | Reached XP level 2. HP: 6/21 MP: 2/2
   558 | D:1      | You fall into a shaft and drop 1 floor!
   622 | D:2      | Found a faded altar of an unknown god.
   678 | D:2      | Identified the +4 whip of the Hawk {freeze, rCorr}
   719 | D:2      | Reached skill level 1 in Dodging
   719 | D:2      | Reached skill level 1 in Spellcasting
   719 | D:2      | Reached XP level 3. HP: 26/26 MP: 4/4
   772 | D:2      | Noticed Terence
   775 | D:2      | Identified the +10 war axe of Generosity {drain, *Slow
                  | Str+4 Dex+5}
   784 | D:2      | Killed Terence
  1356 | D:3      | Found Tiongad's Weapon Emporium.
  1441 | D:3      | Reached XP level 4. HP: 31/31 MP: 5/5
  1576 | D:3      | Learned a level 3 spell: Confusing Touch
  1954 | D:4      | Noticed a scorpion
  1960 | D:4      | Killed a scorpion
  1961 | D:4      | Reached XP level 5. HP: 27/37 MP: 7/7
  2120 | D:4      | Found a glowing drain.
  2136 | Sewer    | Entered a sewer
  2171 | Sewer    | Reached skill level 1 in Hexes
  2308 | Sewer    | Found an ancient bone altar of Kikubaaqudgha.
  2308 | Sewer    | Noticed a kobold brigand
  2324 | Sewer    | Killed a kobold brigand
  2325 | Sewer    | Reached XP level 6. HP: 36/43 MP: 9/9
  2408 | Sewer    | Reached XP level 7. HP: 26/48 MP: 10/10
  2422 | Sewer    | Reached skill level 5 in Stealth
  2589 | Sewer    | Reached XP level 8. HP: 54/54 MP: 11/11
  2590 | Sewer    | Reached XP level 9. HP: 58/58 MP: 12/12
  2591 | Sewer    | Reached skill level 5 in Dodging
  2591 | Sewer    | Reached XP level 10. HP: 68/68 MP: 12/17
  2642 | Sewer    | Noticed Grinder
  2646 | Sewer    | Paralysed by Grinder for 2 turns
  2654 | Sewer    | Killed Grinder
  3441 | D:5      | Entered Level 5 of the Dungeon
  3452 | D:5      | Learned a level 7 spell: Orb of Destruction
  3629 | D:5      | Found a staircase to the Ecumenical Temple.
  3672 | Temple   | Entered the Ecumenical Temple
  3780 | Temple   | Became a worshipper of Hepliaklqana the Forgotten
  3820 | D:5      | Noticed Ijyb
  3841 | D:5      | Killed Ijyb
  3941 | D:5      | Found Ussaag's Armour Emporium.
  3947 | D:5      | Bought an orb of guile for 182 gold pieces
  3974 | D:5      | Reached XP level 11. HP: 72/72 MP: 18/18
  4300 | D:6      | Noticed Sigmund
  4310 | D:6      | Killed Sigmund
  4387 | D:6      | Reached skill level 1 in Conjurations
  4445 | D:6      | Found a transporter.
  4519 | D:6      | Reached * piety under Hepliaklqana
  4675 | D:6      | Found a transporter.
  4800 | D:7      | Reached skill level 5 in Spellcasting
  4817 | D:7      | Splashed by a jelly's acid

Illustrated notes

Levels and vault maps discovered:
D:1:      dpeg_arrival_orchard, layout_loops_ring, serial_rivers,
          chequers_serial_rivers_large_b, chequers_serial_rivers_large_a,
          chequers_serial_rivers_room_a, chequers_serial_rivers_micro_d,
          chequers_serial_rivers_small_b, minmay_gold_behind_fungi
D:2:      layout_rooms, basic_ecumenical_altar, uniq_terence
D:3:      layout_rooms, serial_shops, shop
D:4:      layout_basic, portal_sewer_entry_a, wad_floor_pattern_untrapped
D:5:      layout_cave_pools, minmay_temple_entry_wispy, serial_shops, shop,
          minmay_a_box_with_orc_wizards_in_it, uniq_ijyb
D:6:      gammafunk_cloud_chamber, layout_basic, corexii_checkpoint_a,
          uniq_grinder, uniq_sigmund
D:7:      kennysheep_slugbush, layout_basic, enter_bailey_6
Temple:   mainiacjoe_temple_coin_purse

Skill      XL: |  1  2  3  4  5  6  7  8  9 10 11 |
---------------+----------------------------------+-----
Stealth        | 3 4 5 11 12 | 12.1
Dodging        | 1 2 5 |  5.3
Spellcasting   | 1 2 4 5 |  5.0
Hexes          | 1 12 | 12.5
Fighting       | 4 6 |  6.3
Short Blades   | 9 |  9.8
Conjurations   | 1 |  1.0
Axes           | |  2.0
Invocations    | |  1.0

Action                   |  1- 3 |  4- 6 |  7- 9 | 10-12 || total
-------------------------+-------+-------+-------+-------++-------
Melee: Short sword       |    25 |       |       |       ||    25
       Constrict         |     8 |    24 |       |    43 ||    75
       Tentacles         |     3 |    25 |     3 |    44 ||    75
       Punch             |     1 |     1 |       |     1 ||     3
       Whip              |    26 |    66 |       |       ||    92
       Dagger            |       |    10 |     7 |   125 ||   142
Throw: Dart              |       |     3 |       |     1 ||     4
 Cast: Confusing Touch   |       |       |     1 |    23 ||    24
Invok: Ancestor Identity |       |       |       |     1 ||     1
Evoke: Wand              |       |       |       |     2 ||     2
  Use: Potion            |       |     1 |     3 |       ||     4
 Stab: Sleeping          |     4 |    17 |       |    14 ||    35
       Distracted        |       |     1 |       |       ||     1
       Confused          |       |       |       |     6 ||     6
Armor: Skin              |     1 |     5 |       |     7 ||    13
Dodge: Dodged            |    20 |    35 |     1 |    64 ||   120
Block: Other             |     6 |    16 |     1 |    14 ||    37
       Orb               |       |       |       |    10 ||    10
       Reflection        |       |       |       |     1 ||     1

Table legend: (Time is in decaauts)
 A = Elapsed time spent in this place.
 B = Non-inter-level travel time spent in this place.
 C = Inter-level travel time spent in this place.
 D = Time resting spent in this place.
 E = Time spent auto-exploring this place.
 F = Levels seen in this place.
 G = Mean time per level.
                   A        B        C        D        E       F      G
               +--------+--------+--------+--------+--------+-----+--------+
         Total |   4748 |   4576 |    172 |    334 |   3145 |   9 |  527.6 |
       Dungeon |   4010 |   3846 |    164 |    191 |   2827 |   7 |  572.9 |
        Temple |    117 |    109 |      8 |      0 |     80 |   1 |  117.0 |
         Sewer |    620 |    620 |      0 |    143 |    238 |   1 |  620.0 |
               +--------+--------+--------+--------+--------+-----+--------+

Top non-repeatable levels by time:
     D:4: 981 daAuts
     D:1: 839 daAuts
   Sewer: 620 daAuts
     D:5: 598 daAuts
     D:6: 588 daAuts
     D:3: 542 daAuts
     D:2: 428 daAuts
  Temple: 117 daAuts
     D:7: 30 daAuts
